 Dungeon Crawl Stone Soup version 0.30-a0-222-ge547ba4400 (webtiles) character file.

Game seed: 16747381841439382290

2531 jimonade the Thaumaturge (level 9, -1/49 HPs)
             Began as a Djinni Summoner on Oct 8, 2022.
             Was a Follower of Hepliaklqana.
             Slain by a gnoll sergeant
             ... wielding a +4 spear of flaming
              (2 damage)
             ... on level 6 of the Dungeon.
             The game lasted 00:19:59 (6393 turns).

jimonade the Thaumaturge (Djinni Summoner)          Turns: 6393, Time: 00:20:00

Health: -1/49      AC:  3    Str: 11    XL:     9   Next: 84%
Gold:   371        EV: 16    Int: 17    God:    Hepliaklqana [*.....] SH:  0 Dex: 15

rFire   + + .      SeeInvis .    a - +4 hand axe "Qudaeck" {elec, rCorr Str+4 Int-5 Dex+2}
rCold   x . .      Faith    .    (no shield)
rNeg    . . .      Spirit   .    l - +0 robe
rPois   ∞          Reflect  .    (no helmet)
rElec   .          Harm     .    w - +0 cloak
rCorr   +          Rampage  .    (no gloves)
Will    .....                    (boots unavailable)
Stlth   ++........               (no amulet)
HPRegen 0.28/turn                f - +4 ring of evasion
MPRegen 0.00/turn                (no ring)

@: flying
A: reduced essence, sickness immunity, fire resistance 2, cold vulnerability 1,
float, innate caster, HP casting, extra vitality 1
a: Renounce Religion, Recall Ancestor, Ancestor Identity


You were on level 6 of the Dungeon.
You worshipped Hepliaklqana.
Hepliaklqana was aware of your devotion.
You visited 2 branches of the dungeon, and saw 7 of its levels.

You collected 371 gold pieces.

Inventory:

Hand Weapons
 a - the +4 hand axe "Qudaeck" (weapon) {elec, rCorr Str+4 Int-5 Dex+2}
   (You found it on level 2 of the Dungeon)

   It occasionally discharges a powerful burst of electricity upon striking a
   foe.
   Str:       It affects your strength (+4).
   Int:       It affects your intelligence (-5).
   Dex:       It affects your dexterity (+2).
   rCorr:     It protects you from acid and corrosion.
 b - a +4 dagger of venom
 c - the +10 battleaxe "Earthworm" {vorpal, Fly rN+}
   (You found it on level 6 of the Dungeon)

   It inflicts extra damage upon your enemies.
   rN:        It protects you from negative energy.
   Fly:       It grants you flight.
 k - a +0 spear
 r - a +0 spear
 y - a +0 dagger
 z - a +0 sling
 D - a +0 shortbow
 E - a +4 short sword
Missiles
 v - 7 poisoned darts
Armour
 d - a +0 kite shield
 e - a +0 leather armour
 l - a +0 robe (worn)
 w - a +0 cloak (worn)
 x - the +2 ring mail of the Marlin {Dex+7}
   (You found it on level 4 of the Dungeon)

   Dex:       It affects your dexterity (+7).
Magical Staves
 p - a staff of cold
Jewellery
 f - a +4 ring of evasion (left hand)
Wands
 t - a wand of quicksilver (20)
 F - a wand of charming (11)
Scrolls
 g - a scroll of blinking {unknown}
 h - 2 scrolls of magic mapping {unknown}
 i - 5 scrolls of identify {unknown}
 m - 6 scrolls of enchant armour {unknown}
 o - a scroll of enchant weapon {unknown}
 s - a scroll of brand weapon {unknown}
 u - a scroll of immolation {unknown}
 A - a scroll of poison {unknown}
 G - 2 scrolls of fear {unknown}
 H - a scroll of vulnerability {unknown}
Potions
 j - 2 potions of cancellation {unknown}
 n - a potion of attraction {unknown}
 q - 3 potions of curing {unknown}
 B - a potion of brilliance {unknown}
 C - 2 potions of haste {unknown}
 I - a potion of berserk rage {unknown}


   Skills:
 - Level 2.1 Dodging
 - Level 1.5 Stealth
 + Level 10.3 Spellcasting


You had 5 spell levels left.
You knew the following spells:

 Your Spells              Type           Power      Damage    Failure   Level
a - Summon Small Mammal   Summ           100%       N/A       1%          1
b - Call Imp              Summ           44%        N/A       1%          2
c - Call Canine Familiar  Summ           44%        N/A       1%          3
d - Summon Guardian Gole  Hex/Summ       44%        N/A       1%          3
e - Summon Lightning Spi  Summ/Air       44%        N/A       1%          4
f - Sting                 Tmut/Pois      100%       1d8       1%          1
g - Poisonous Vapours     Pois/Air       88%        N/A       1%          2
h - Gell's Gravitas       Tloc           44%        N/A       1%          3
i - Animate Dead          Necr           44%        N/A       1%          4
Your spell library was empty.

Dungeon Overview and Level Annotations

Branches:
Dungeon (6/15)             Temple (1/1) D:6

Altars:
Cheibriados
Elyvilon
Hepliaklqana
Makhleb
Nemelex Xobeh
Okawaru
Qazlal
Ru
Trog
Uskayaw
Wu Jian
Xom
Yredelemnul
Zin
The Shining One

Shops:
D:2 (

Annotations:
D:2 1 runed translucent door, Crazy Yiuf
D:5 3 runed translucent doors, HilariousDeathArtist's ghost, amateur HOWn
D:6 1 runed translucent door


Innate Abilities, Weirdness & Mutations

Your life essence is reduced to manifest your ancestor. (-10% HP)
You are immune to sickness and miasma.
You are immune to poison.
Your flesh is very heat resistant. (rF++)
You are vulnerable to cold. (rC-)
You float through the air rather than walking.
You learn spells naturally, not from books.
Your magical power is your life essence.
You have superior vitality. (+4 MHP)


Message History

Casting: Call Canine Familiar (safe; 1% risk of failure)
Confirm with . or Enter, or press ? or * to list all spells.
You can't see any susceptible monsters within range! (Use Z to cast anyway.)
The gnoll sergeant closely misses your wolf.
Your wolf barely misses the gnoll sergeant.
Unknown command.
Unknown command.
Casting: Call Canine Familiar (safe; 1% risk of failure)
Confirm with . or Enter, or press ? or * to list all spells.
You can't see any susceptible monsters within range! (Use Z to cast anyway.) Unknown command.
Unknown command.
Casting: Call Canine Familiar (safe; 1% risk of failure)
Confirm with . or Enter, or press ? or * to list all spells.
You can't see any susceptible monsters within range! (Use Z to cast anyway.) Unknown command.
Unknown command.
Press: ? - help, v - describe, . - travel, g - get item
Here: a gnoll sergeant, wielding a +4 spear of flaming and wearing a +1 scale mail of poison resistance (heavily wounded, not watching you, ally target)
Items here: +0 acid dragon scales; an acid dragon corpse.
The floor, spattered with blood.
Unknown command.
You hit the gnoll sergeant.
The gnoll sergeant is severely wounded.
Your wolf bites the gnoll sergeant but does no damage.
The gnoll sergeant hits your wolf with a +4 spear of flaming!
The gnoll sergeant burns your wolf.
Your wolf dies!
Your wolf's corpse disappears in a puff of smoke!
The gnoll sergeant hits you with a +4 spear of flaming!
You barely miss the gnoll sergeant.
The gnoll sergeant is heavily wounded.
The gnoll sergeant hits you with a +4 spear of flaming!
The gnoll sergeant burns you.
You closely miss the gnoll sergeant.
The gnoll sergeant is heavily wounded.
The gnoll sergeant hits you with a +4 spear of flaming!
* * * LOW HITPOINT WARNING * * *
The gnoll sergeant burns you.
You die...

......................
####.##.............. ..
#.##.####.....####
##.#.##.#..##...##.:#
#.##.#...##.##...# #
...#.##...#.#...# .#
####..##.)#.#†.# ..#
####...###§.g###...##.
#..........8.@........#
####.##...###...###...#.)#
._##.##..## +#)#+ ..##.#
..##>##.## #.# #.##.#
..##.##)# ##.## #.##.#
).##.##.# ##...## #.##.#
..##..#)####.....####.##.#
..##..................##.#
'###....).)).............#


You could see a gnoll sergeant.

Vanquished Creatures
  2 steam dragons (D:6)
  An acid dragon (D:6)
  Duvessa (D:6)
  A water moccasin (D:6)
  2 phantoms
  2 scorpions
  A wight (D:6)
  A hound (D:6)
  2 iguanas
  A scorpion zombie (D:4)
  2 hound skeletons (D:4)
  2 adder zombies (D:4)
  An adder skeleton (D:4)
  A dart slug (D:1)
  9 orcs
  2 endoplasms
  A giant cockroach (D:3)
  3 hobgoblins
  A kobold (D:3)
  2 quokkas
  A ball python (D:4)
  2 bats (D:3)
  5 rats
46 creatures vanquished.

Vanquished Creatures (collateral kills)
  A water moccasin (D:6)
  An orc warrior (D:6)
  2 black bears
  A centaur (D:6)
  An ogre (D:6)
  A phantom (D:4)
  2 scorpions (D:5)
  2 wights (D:6)
  Dowan (D:6)
  A bullfrog zombie (D:4)
  2 orc priests (D:6)
  4 hounds
  Jessica (D:2)
  An iguana (D:5)
  4 orc wizards (D:6)
  2 hound skeletons (D:4)
  6 adders
  An adder zombie (D:4)
  An adder skeleton (D:4)
  A worm (D:2)
  A dart slug (D:1)
  10 orcs
  3 ball pythons
  2 bats
  An endoplasm (D:2)
  3 hobgoblins
  4 quokkas
  4 goblins
  5 kobolds
  A quokka skeleton (D:4)
  7 rats
77 creatures vanquished.

Vanquished Creatures (others)
  A necrophage (D:6)
  An iguana (D:5)
  An ancestor (D:6)
  2 plants (D:1)
5 creatures vanquished.

Grand Total: 128 creatures vanquished

Notes
Turn   | Place    | Note
-------+----------+-------------------------------------------
     0 | D:1      | jimonade the Djinni Summoner began the quest for the Orb.
     0 | D:1      | jimonade set off with the following spells memorised:
                  | Summon Small Mammal, Call Imp, Call Canine Familiar, Summon
                  | Guardian Golem, Summon Lightning Spire.
     0 | D:1      | Reached XP level 1. HP: 15/15 MP: 0/0
    80 | D:1      | Reached XP level 2. HP: 11/21 MP: 0/0
   231 | D:1      | Found a faded altar of an unknown god.
   504 | D:1      | Reached XP level 3. HP: 24/25 MP: 0/0
   504 | D:1      | Learned a level 1 spell: Sting
   814 | D:2      | Reached skill level 4 in Spellcasting
   929 | D:2      | Noticed Jessica
   941 | D:2      | Killed Jessica
   942 | D:2      | Reached XP level 4. HP: 28/31 MP: 0/0
  1012 | D:2      | Identified the +4 hand axe "Qudaeck" {elec, rCorr Str+4
                  | Int-5 Dex+2}
  1124 | D:2      | Found a runed translucent door.
  1125 | D:2      | Noticed Crazy Yiuf
  1214 | D:2      | Found Kischerobi's Weapon Shoppe.
  2087 | D:3      | Reached XP level 5. HP: 33/35 MP: 0/0
  2087 | D:3      | Learned a level 2 spell: Poisonous Vapours
  2335 | D:4      | Identified the +2 ring mail of the Marlin {Dex+7}
  2382 | D:4      | Reached skill level 5 in Spellcasting
  2499 | D:4      | Reached XP level 6. HP: 32/40 MP: 0/0
  2632 | D:4      | Noticed a black bear
  2644 | D:4      | Killed a black bear
  2921 | D:4      | Reached skill level 6 in Spellcasting
  2921 | D:4      | Reached XP level 7. HP: 29/45 MP: 0/0
  2921 | D:4      | Learned a level 3 spell: Gell's Gravitas
  3715 | D:5      | Entered Level 5 of the Dungeon
  3849 | D:5      | Found a runed translucent gate.
  3849 | D:5      | Found a runed translucent gate.
  3849 | D:5      | Noticed HilariousDeathArtist's ghost (amateur HOWn)
  3851 | D:5      | Found a runed translucent gate.
  3963 | D:5      | Reached skill level 7 in Spellcasting
  4281 | D:5      | Reached XP level 8. HP: 48/50 MP: 0/0
  4751 | D:6      | Found a staircase to the Ecumenical Temple.
  4811 | Temple   | Entered the Ecumenical Temple
  4906 | Temple   | Became a worshipper of Hepliaklqana the Forgotten
  4924 | D:6      | Reached skill level 8 in Spellcasting
  5047 | D:6      | Found a runed translucent door.
  5272 | D:6      | Noticed Dowan
  5281 | D:6      | Killed Dowan
  5282 | D:6      | Reached XP level 9. HP: 49/55 MP: 0/0
  5282 | D:6      | Learned a level 4 spell: Animate Dead
  5290 | D:6      | Noticed Duvessa
  5305 | D:6      | Killed Duvessa
  5459 | D:6      | Reached skill level 9 in Spellcasting
  5650 | D:6      | Identified the +10 battleaxe "Earthworm" {vorpal, Fly rN+}
  5884 | D:6      | Reached skill level 10 in Spellcasting
  6185 | D:6      | Reached * piety under Hepliaklqana
  6188 | D:6      | Found an iron altar of Okawaru.
  6189 | D:6      | Found a bloodstained altar of Trog.
  6393 | D:6      | HP: 1/49 [gnoll sergeant/+4 spear of flaming (16)]
  6393 | D:6      | Slain by a gnoll sergeant

Illustrated notes

Levels and vault maps discovered:
D:1:      dpeg_arrival_rooms_b, layout_rooms, serial_bayou,
          serial_bayou_shore_a, serial_bayou_pond_c, serial_bayou_crossing,
          serial_bayou_pond_e, chequers_ecumenical_altar_grove
D:2:      layout_rooms, serial_shops, nicolae_shop_crystal, basic_altar,
          minmay_misc_feat_enclosed, hangedman_decor_points,
          uniq_crazy_yiuf_cottage, uniq_jessica
D:3:      layout_rooms, glass_columns_a
D:4:      layout_layer_cave, serial_undead, serial_undead_c, serial_undead_a,
          serial_undead_a, serial_undead_a, serial_undead_c, serial_undead_d,
          serial_undead_f, serial_undead_b, minmay_misc_feat_room
D:5:      layout_basic, ebering_ghost_rock_garden
D:6:      cheibrodos_barr_body, layout_basic, grunt_temple_overflow_bloody_war,
          tgw_sif, minmay_temple_entry_mini_moons,
          ebering_ghost_reflecting_pool, uniq_duvessa
Temple:   nicolae_temple_superstar

Skill      XL: |  1  2  3  4  5  6  7  8  9 |
---------------+----------------------------+-----
Spellcasting   | 4 5 6 7 8 10 | 10.3
Dodging        | |  2.1
Stealth        | |  1.5

Action                   |  1- 3 |  4- 6 |  7- 9 || total
-------------------------+-------+-------+-------++-------
Melee: Dagger            |    19 |     1 |     5 ||    25
       Hand axe          |       |    49 |    24 ||    73
       Punch             |       |     1 |       ||     1
 Cast: Summon Small Mamm |    32 |    10 |       ||    42
       Call Imp          |     5 |    18 |     6 ||    29
       Call Canine Famil |     3 |    11 |    26 ||    40
       Summon Guardian G |       |     4 |    24 ||    28
       Poisonous Vapours |       |     1 |    23 ||    24
       Summon Lightning  |       |       |    17 ||    17
       Gell's Gravitas   |       |       |     7 ||     7
 Stab: Distracted        |     1 |     2 |       ||     3
       Sleeping          |       |     3 |       ||     3
Armor: Robe              |     5 |     9 |    10 ||    24
Dodge: Dodged            |    18 |    44 |    47 ||   109

Table legend: (Time is in decaauts)
 A = Elapsed time spent in this place.
 B = Non-inter-level travel time spent in this place.
 C = Inter-level travel time spent in this place.
 D = Time resting spent in this place.
 E = Time spent auto-exploring this place.
 F = Levels seen in this place.
 G = Mean time per level.
                   A        B        C        D        E       F      G
               +--------+--------+--------+--------+--------+-----+--------+
         Total |   6412 |   5986 |    426 |    257 |   4458 |   7 |  916.0 |
       Dungeon |   6307 |   5901 |    406 |    257 |   4389 |   6 | 1051.2 |
        Temple |    104 |     84 |     20 |      0 |     69 |   1 |  104.0 |
               +--------+--------+--------+--------+--------+-----+--------+

Top non-repeatable levels by time:
     D:4: 1392 daAuts
     D:5: 1293 daAuts
     D:6: 1287 daAuts
     D:2: 1003 daAuts
     D:1: 751 daAuts
     D:3: 580 daAuts
  Temple: 104 daAuts
